 Dungeon Crawl Stone Soup version 0.28.0 (webtiles) character file.

Game seed: 14064935135102653590

32 eskoe the Skirmisher (level 3, -5/29 HPs)
             Began as a Demonspawn Abyssal Knight on Feb 11, 2022.
             Was a Follower of Lugonu.
             Slain by a gnoll (10 damage)
             ... on level 2 of the Dungeon.
             The game lasted 00:05:50 (646 turns).

eskoe the Skirmisher (Demonspawn Abyssal Knight)     Turns: 646, Time: 00:05:50

Health: -5/29      AC:  4    Str: 15    XL:     3   Next: 8%
Magic:  4/4        EV: 11    Int: 11    God:    Lugonu [*.....]
Gold:   32         SH:  0    Dex: 13    Spells: 2/2 levels left

rFire   . . .      SeeInvis .   a - +1 hand axe
rCold   . . .      Faith    .   (no shield)
rNeg    . . .      Spirit   .   b - +0 leather armour
rPois   .          Reflect  .   c - +0 helmet
rElec   .          Harm     .   (no cloak)
rCorr   .          Rampage  .   (no gloves)
Will    .....                   (no boots)
Stlth   +.........              (no amulet)
HPRegen 0.09/turn               (no ring)
MPRegen 0.09/turn               (no ring)

@: no status effects
A: hooves 1, powered by death 1
a: Renounce Religion, Depart the Abyss


You were on level 2 of the Dungeon.
You worshipped Lugonu.
Lugonu was aware of your devotion.
You visited 1 branch of the dungeon, and saw 2 of its levels.
You visited the Abyss 1 time.

You collected 32 gold pieces.

Inventory:

Hand Weapons
 a - a +1 hand axe (weapon)
Armour
 b - a +0 leather armour (worn)
 c - a +0 helmet (worn)
Scrolls
 d - a scroll of holy word {unknown}
 e - a scroll of identify {unknown}
 f - a scroll of teleportation {unknown}
 h - a scroll of amnesia {unknown}
Potions
 g - a potion of invisibility {unknown}


   Skills:
 + Level 3.5 Fighting
 + Level 2.3 Axes
 + Level 2.0 Armour
 + Level 1.1 Dodging
 + Level 2.6 Invocations


You had 2 spell levels left.
You didn't know any spells.
Your spell library was empty.

Dungeon Overview and Level Annotations

Branches:
Dungeon (2/15)

Altars:

Shops:
D:1 (


Innate Abilities, Weirdness & Mutations

You have large cloven feet.
You regenerate a little health from kills.


Message History

You hit the hobgoblin.
You kill the hobgoblin!
Lugonu accepts your kill.
Things that are here:
a +0 dagger; a stone A gnoll comes into view.
It is wielding a +0 halberd.
The gnoll shouts!
A gnoll comes into view. It is wielding a +0 flail.
The gnoll shouts!
You hear a shout! 2 gnolls come into view.
The gnoll shouts!
The gnoll hits you with a +0 flail. The gnoll completely misses you.
You hit the gnoll but do no damage. Your kick misses the gnoll.
The gnoll barely misses you.
The gnoll hits you from afar with a +0 halberd!
You hit the gnoll but do no damage. You kick the gnoll.
The gnoll is moderately wounded.
The gnoll barely misses you.
The gnoll hits you from afar with a +0 halberd.
The gnoll hits you with a +0 flail.
You hit the gnoll.
The gnoll is severely wounded.
The gnoll hits you from afar with a +0 halberd.
The gnoll hits you with a +0 flail.
* * * LOW HITPOINT WARNING * * *
The gnoll hits you from afar with a +0 halberd.
* * * LOW HITPOINT WARNING * * *
Things that are here:
a +0 dagger; a stone You see here a hobgoblin corpse.
The gnoll throws a throwing net.
The throwing net hits you.
You become entangled in the net!
There is a stone staircase leading up here.
You see here a throwing net.
You struggle against the net.
You tear a large gash into the net.
The gnoll hits you with a +0 flail.
* * * LOW HITPOINT WARNING * * *
You shred the net and break free! The gnoll barely misses you.
The gnoll hits you from afar with a +0 halberd!
You die...

... ... #..
############.#
..........##.#
#####......##.#
+...@g.....##.#
#####......##g#
+.....g†...##g#
#####..g)..##g#
#...g..##.#
##......##.#
............#
#############


You could see 4 gnolls.

Vanquished Creatures
  2 ball pythons (D:1)
  2 bats (D:1)
  4 endoplasms (D:1)
  2 giant cockroaches (D:1)
  A goblin (D:1)
  5 hobgoblins
  2 quokkas (D:1)
  2 frilled lizards (D:1)
  4 kobolds
  5 rats (D:1)
29 creatures vanquished.

Notes
Turn   | Place    | Note
-------+----------+-------------------------------------------
     0 | Abyss:1  | eskoe the Demonspawn Abyssal Knight began the quest for the
                  | Orb.
     0 | Abyss:1  | Reached XP level 1. HP: 18/18 MP: 2/2
    41 | Abyss:1  | Found a corrupted altar of Lugonu.
   104 | Abyss:1  | Noticed a small abomination
   105 | D:1      | Escaped the Abyss
   250 | D:1      | Found Xicwesch's Weapon Emporium.
   253 | D:1      | Gained mutation: You regenerate a little health from kills.
                  | [demonic ancestry]
   253 | D:1      | Reached XP level 2. HP: 24/24 MP: 3/3
   305 | D:1      | Reached * piety under Lugonu
   323 | D:1      | Found a faded altar of an unknown god.
   377 | D:1      | Reached skill level 1 in Dodging
   432 | D:1      | Gained mutation: You have large cloven feet. [demonic
                  | ancestry]
   432 | D:1      | Reached XP level 3. HP: 29/29 MP: 4/4
   646 | D:2      | Slain by a gnoll

Illustrated notes

Levels and vault maps discovered:
D:1:      minmay_arrival_wavy_path, layout_rooms, serial_shops,
          nicolae_shop_crystal, hellmonk_ecumenical_altar_blasted,
          minmay_misc_feat_alley, minmay_pentomino_q4
D:2:      layout_basic

Skill      XL: |  1  2 |
---------------+-------+-----
Axes           | 2 |  2.3
Armour         | 2 |  2.0
Dodging        | 1 |  1.1
Fighting       | |  3.5
Invocations    | |  2.6

Action                   || total
-------------------------++-------
Melee: Hand axe          ||    86
       Punch             ||     2
       Kick              ||     3
Invok: Depart the Abyss  ||     1
Armor: Leather armour    ||    36
Dodge: Dodged            ||    68
